AoeStats
← Sonny

Arabia

510444313Analyzed
1v1 RM · 1d ago on Oct 1, 2026· 28m 20s· 2 players
Game mode
Random Map
Map size
Tiny (2 player)
Population
200
Speed
Normal
Resources
Standard
Victory
Conquest
Starting age
Dark Age
Ending age
Imperial Age
RankedLock teamsTeams togetherTeam positionsShared explorationLock speedFull tech treeHidden civsTurbo modeCheats
Victory
Defeat
🇺🇾 Celts · Uruguay
652
+18
🇺🇸 Varangians · United States
685
-18
jmanuelgiriboni
3:27 Loom
10:01 Feudal Age
10:46 Double-Bit Axe
20:02 Castle Age
24:56 Fervor
Sonny
2:45 Loom
12:52 Feudal Age
13:03 Man-at-Arms
14:06 Double-Bit Axe
23:01 Castle Age
20:49 Town Watch
22:06 Bloodlines
22:12 Scale Barding Armor
22:48 Stone Mining
22:52 Horse Collar
Connection lost

Rejoining the realm…

Still unreachable

The connection could not be restored.

Session expired

The server has moved on; the page needs a fresh start.